 Dungeon Crawl Stone Soup version 0.23-a0-473-gc8aadda88e (webtiles) character file.

471 MirrMurr the Covert (level 6, -5/28 HPs)
             Began as a Spriggan Enchanter on Nov 28, 2018.
             Was a Believer of Makhleb.
             Slain by a centaur (8 damage)
             ... on level 5 of the Dungeon.
             The game lasted 00:17:20 (6385 turns).

MirrMurr the Covert (Spriggan Enchanter)            Turns: 6385, Time: 00:17:20

Health: -5/28      AC:  2    Str:  6    XL:     6   Next: 83%
Magic:  1/12       EV: 24    Int: 17    God:    Makhleb [**....]
Gold:   140        SH:  0    Dex: 21    Spells: 3/12 levels left

rFire    . . .     SeeInvis +   a - +1 dagger
rCold    . . .     Gourm    .   (shield restricted)
rNeg     + . .     Faith    .   p - +0 robe {rN+}
rPois    .         Spirit   .   (helmet restricted)
rElec    .         Reflect  .   (no cloak)
rCorr    .         Harm     .   (gloves unavailable)
MR       +....                  (boots unavailable)
Stlth    +++++.....             m - amulet of regeneration
HPRegen  0.49/turn              (no ring)
MPRegen  0.13/turn              (no ring)

@: agile, very quick
A: very small, unfitting armour, see invisible, herbivore, speed 3, slow
metabolism 2
a: Minor Destruction, Renounce Religion


You were on level 5 of the Dungeon.
You worshipped Makhleb.
Makhleb was pleased with you.
You were not hungry.

You visited 1 branch of the dungeon, and saw 5 of its levels.

You collected 140 gold pieces.

Inventory:

Hand Weapons
 a - a +1 dagger (weapon)
Missiles
 d - 114 stones (quivered)
 j - 4 tomahawks
 o - 56 sling bullets
Armour
 p - a +0 robe of positive energy (worn)
Jewellery
 m - an amulet of regeneration (around neck)
Wands
 h - a wand of digging (4)
 l - a wand of flame (9)
Scrolls
 b - a scroll of magic mapping
 e - 3 scrolls of enchant armour
 i - a scroll of remove curse {unknown}
 n - 4 scrolls of teleportation
Potions
 f - 3 potions of curing
 g - 2 potions of agility
 k - a potion of mutation {unknown}
Comestibles
 c - 9 rations


   Skills:
 - Level 5.0 Short Blades
 - Level 3.0 Dodging
 - Level 8.2 Stealth
 + Level 3.5 Spellcasting
 * Level 4.8 Hexes


You had 3 spell levels left.
You knew the following spells:

 Your Spells              Type           Power        Failure   Level  Hunger
a - Ensorcelled Hibernat  Hex/Ice        ##....       10%         2    ##.....
b - Confuse               Hex            ###.....     7%          3    ###....
c - Tukima's Dance        Hex            ###.....     7%          3    ###....
C - Corona                Hex            ###....      2%          1    None

Your spell library contained the following spells:

 Spells                   Type           Power        Failure   Level  Hunger
 Dazzling Spray           Conj/Hex       ##....       19%         3    ###....


Dungeon Overview and Level Annotations

Branches:
Dungeon (5/15)
 Temple: D:4-7

Altars:
Elyvilon
Hepliaklqana
Makhleb
Nemelex Xobeh
Ru
Wu Jian
Xom

Annotations:
D:5 1 runed door, hemabe's ghost, novice HuAr


Innate Abilities, Weirdness & Mutations

You are very small and have problems with some larger weapons.
You are too small for most types of armour.
You have supernaturally acute eyesight. (SInv)
You are a herbivore.
You cover ground extremely quickly.
You need to consume almost no food.


Message History

You closely miss the centaur.
The centaur is heavily wounded.
The centaur hits you but does no damage.
You hit the centaur.
The centaur is heavily wounded.
The centaur hits you.
* * * LOW HITPOINT WARNING * * *
You hit the centaur but do no damage.
The centaur is heavily wounded.
The centaur closely misses you.
Casting: Ensorcelled Hibernation (safe; 10% risk of failure)
Confirm with . or Enter, or press ? or * to list all spells.
You don't have enough magic to cast that spell.
Unknown command.
You hit the centaur.
The centaur is severely wounded.
The centaur hits you.
* * * LOW HITPOINT WARNING * * *
The centaur hits you!
You die...

##..........## #(...........
#............# ###..>....#
.............# #....#(...#
.....†..>....#. ##.Z..###
.#............. #...#..#
.##.........# #..###....
.##..#......### ###..####.....
.##.##.<..#...####.............
.).....#..(..(..@cZ.#.####.....
.##.......#...####.##.# ....
....#####.##.....#.##.# ...
....# #.###.##...##.## ..###
#.# #..##..##..## ...# #.#
##.###......## ...#
#.###......#.....# ..[####
#.#...##.....##+##
.#....###.#.#######..#WW.#


You could see a centaur and a giant cockroach zombie.

Vanquished Creatures
  A scorpion (D:4)
  2 hounds (D:5)
  An orc priest (D:5)
  An orc wizard (D:5)
  3 worker ants
  A hound skeleton (D:4)
  Robin (D:2)
  4 gnolls (D:3)
  7 adders
  An ooze (D:4)
  3 worms (D:2)
  2 dart slugs (D:1)
  A leopard gecko (D:5)
  2 orcs (D:5)
  6 bats
  8 giant cockroaches
  14 goblins
  9 hobgoblins
  5 jackals
  6 kobolds
  A quokka (D:3)
  2 ball pythons
  7 frilled lizards
  A quokka skeleton (D:5)
  4 rats
93 creatures vanquished.

Vanquished Creatures (others)
  A withered plant (D:5)
1 creature vanquished.

Grand Total: 94 creatures vanquished

Notes
Turn   | Place    | Note
-------+----------+-------------------------------------------
     0 | D:1      | MirrMurr the Spriggan Enchanter began the quest for the
                  | Orb.
     0 | D:1      | Reached XP level 1. HP: 9/9 MP: 5/5
   541 | D:1      | Reached XP level 2. HP: 13/13 MP: 6/6
   551 | D:1      | Reached skill level 5 in Stealth
   626 | D:1      | Learned a level 2 spell: Ensorcelled Hibernation
  1588 | D:1      | Reached XP level 3. HP: 14/16 MP: 8/8
  1604 | D:1      | Learned a level 3 spell: Confuse
  2347 | D:2      | Noticed Robin
  2519 | D:2      | Found a faded altar of an unknown god.
  2527 | D:2      | Became a worshipper of Makhleb the Destroyer
  2527 | D:2      | Reached * piety under Makhleb
  2832 | D:2      | Found a white marble altar of Elyvilon.
  3142 | D:2      | Found a hazy altar of Hepliaklqana.
  3143 | D:2      | Found a sacrificial altar of Ru.
  3143 | D:2      | Found a shimmering altar of Xom.
  3543 | D:2      | Reached skill level 6 in Stealth
  3543 | D:2      | Reached XP level 4. HP: 21/21 MP: 3/9
  3628 | D:2      | Killed Robin
  4530 | D:3      | Reached ** piety under Makhleb
  4748 | D:3      | Reached XP level 5. HP: 24/24 MP: 7/10
  4774 | D:3      | Found an ornate altar of the Wu Jian Council.
  5314 | D:4      | Reached skill level 7 in Stealth
  5511 | D:4      | Reached skill level 5 in Short Blades
  5542 | D:4      | Found a sparkling altar of Nemelex Xobeh.
  5554 | D:4      | Reached XP level 6. HP: 28/28 MP: 4/11
  5727 | D:5      | Entered Level 5 of the Dungeon
  5788 | D:5      | Reached skill level 8 in Stealth
  5829 | D:5      | Found a runed door.
  5829 | D:5      | Noticed hemabe's ghost (novice HuAr)
  6006 | D:5      | Learned a level 3 spell: Tukima's Dance
  6385 | D:5      | Slain by a centaur

Vault maps used:
D:1:      arrival_zaba_pyramid, minmay_tree_intersection
D:2:      elyvilon_altar_5, gammafunk_temple_overflow_forgotten,
          chequers_ecumenical_altar_simple, uniq_robin
D:3:      marbit_many_paths, minivault_23
D:4:      nemelex_xobeh_ov_fountains_minmay
D:5:      gammafunk_ghost_grave, first_ration

Skill      XL: |  1  2  3  4  5  6 |
---------------+-------------------+-----
Stealth        | 5 6 7 8 |  8.2
Short Blades   | 2 3 4 5 |  5.0
Spellcasting   | 3 |  3.5
Hexes          | 4 |  4.8
Dodging        | |  3.0

Action                   |  1- 3 |  4- 6 || total
-------------------------+-------+-------++-------
Melee: Dagger            |   217 |   205 ||   422
Throw: Stone             |     5 |     1 ||     6
 Cast: Ensorcelled Hiber |    19 |    33 ||    52
       Confuse           |       |     8 ||     8
       Tukima's Dance    |       |     1 ||     1
  Use: Scroll            |       |     6 ||     6
       Potion            |       |     1 ||     1
 Stab: Sleeping          |    18 |    27 ||    45
       Distracted        |     1 |       ||     1
       Confused          |       |     2 ||     2
  Eat: Ration            |     1 |     3 ||     4
Armor: Robe              |    25 |     9 ||    34
Dodge: Dodged            |   173 |   141 ||   314

Table legend:
 A = Non-vault XP
 B = Vault XP
 C = Vault XP percentage of total XP
 D = Non-vault monster count
 E = Vault monster count
 F = Vault count percentage of total count
                 A         B        C        D         E       F
            +---------+---------+-------+---------+---------+-------
      Total |     638 |      35 |   5.2 |      81 |      12 |  12.9
            +---------+---------+-------+---------+---------+-------
        D:1 |      49 |       1 |   2.0 |      26 |       1 |   3.7
        D:2 |      79 |      31 |  28.2 |      21 |       9 |  30.0
        D:3 |      96 |       1 |   1.0 |      14 |       1 |   6.7
        D:4 |     154 |       2 |   1.3 |       9 |       1 |  10.0
        D:5 |     260 |       0 |   0.0 |      11 |       0 |   0.0
            +---------+---------+-------+---------+---------+-------
